ESL (28 & UNDER)
RIO GRANDE RATTLESNAKE @ KINGSTON IGUANAS
06/01/2025
 
TOP OF THE 1ST
Rio Grande Rattlesnake batting - Pitching for Kingston Iguanas : RHP Leonardo Lorenzo
Pitching: RHP Leonardo Lorenzo
Batting: RHB Luis Sánchez 0-0: Ball
1-0: Ball
2-0: Swinging Strike
Single, Error in OF, E8, batter to second base
Batting: LHB R.J. Courtney 0-0: Ball
1-0: Ball
2-0: Ball
3-0: Swinging Strike
3-1: Fly out, F9 (Flyball, 9M)
Batting: RHB Paul Martin 0-0: Ball
1-0: Ball
2-0: Ball
3-0: Called Strike
3-1: Called Strike
3-2: Foul Ball, location: 2F
3-2: Base on Balls
Batting: LHB Barrett Waters 0-0: Swinging Strike
0-1: Foul Ball, location: 2F
0-2: Foul Ball, location: 2F
0-2: Strikes out swinging
Batting: SHB Ralph Robison 0-0: Swinging Strike
0-1: Foul Ball, location: 2F
0-2: Foul Ball, location: 2F
0-2: Ball
1-2: Fly out, F9 (Flyball, 9LM)
Top of the 1st over - 0 run(s), 1 hit(s), 1 error(s), 2 left on base; Rio Grande 0 - Kingston 0
BOTTOM OF THE 1ST
Kingston Iguanas batting - Pitching for Rio Grande Rattlesnake : LHP Vicente Sánchez
Pitching: LHP Vicente Sánchez
Batting: RHB Jeff Garman 0-0: Ball
1-0: Ball
2-0: Swinging Strike
2-1: SINGLE (Groundball, 34D)
Batting: LHB Bob Greene 0-0: Ball
1-0: DOUBLE (Flyball, 89D)
Jeff Garman to third
Runner from 3rd tries for Home, SAFE, no throw or cutoff
Batting: SHB Pepe Piña 0-0: Called Strike
0-1: Ball
1-1: Ground out 6-3 (Groundball, 6M)
Bob Greene to third
Batting: RHB Luis Aguilar 0-0: Ball
1-0: Called Strike
1-1: Called Strike
1-2: Strikes out swinging
Batting: LHB José Torres 0-0: Ball
1-0: Ball
2-0: Fly out, F7 (Flyball, 8LM)
Bottom of the 1st over - 1 run(s), 2 hit(s), 0 error(s), 1 left on base; Rio Grande 0 - Kingston 1
TOP OF THE 2ND
Rio Grande Rattlesnake batting - Pitching for Kingston Iguanas : RHP Leonardo Lorenzo
Batting: RHB Billy Mullins 0-0: Ball
1-0: Foul Ball, location: 2F
1-1: Ball
2-1: Foul Ball, location: 2F
2-2: Strikes out swinging
Batting: RHB Liangde Que 0-0: Ball
1-0: Ball
2-0: Foul Ball, location: 2F
2-1: Ball
3-1: Fly out, F6 (Popup, 6MD)
Batting: SHB Jeremy Holmes 0-0: Swinging Strike
0-1: Called Strike
0-2: Strikes out swinging
Top of the 2nd over - 0 run(s), 0 hit(s), 0 error(s), 0 left on base; Rio Grande 0 - Kingston 1
BOTTOM OF THE 2ND
Kingston Iguanas batting - Pitching for Rio Grande Rattlesnake : LHP Vicente Sánchez
Batting: RHB Bill Crawley 0-0: Ball
1-0: Ground out 2-3 (Groundball, 2L)
Batting: LHB Dave Gordon 0-0: Called Strike
0-1: Swinging Strike
0-2: Foul Ball, location: 2F
0-2: Foul Ball, location: 2F
0-2: Ball
1-2: Foul Ball, location: 2F
1-2: Ball
2-2: Ball
3-2: Foul Ball, location: 2F
3-2: Fly out, F9 (Flyball, 9M)
Batting: RHB Geoffrey Joyner 0-0: Called Strike
0-1: Foul Ball, location: 2F
0-2: Ball
1-2: Foul Ball, location: 2F
1-2: Ball
2-2: Ball
3-2: Foul Ball, location: 2F
3-2: Base on Balls
Batting: LHB Juan Romero 0-0: Ball
1-0: Ground out 5-3 (Groundball, 5S)
Bottom of the 2nd over - 0 run(s), 0 hit(s), 0 error(s), 1 left on base; Rio Grande 0 - Kingston 1
TOP OF THE 3RD
Rio Grande Rattlesnake batting - Pitching for Kingston Iguanas : RHP Leonardo Lorenzo
Batting: LHB Luis Villa 0-0: Called Strike
0-1: Fly out, F8 (Flyball, 78M)
Batting: RHB Luis Sánchez 0-0: Ball
1-0: Ball
2-0: SINGLE (Flyball, 9LS)
Batting: LHB R.J. Courtney 0-0: Fly out, F5 (Popup, 5F)
Batting: RHB Paul Martin 0-0: Called Strike
0-1: Ball
1-1: Ball
2-1: Foul Ball, location: 2F
2-2: Foul Ball, location: 2F
2-2: Foul Ball, location: 2F
2-2: Ball
3-2: Base on Balls
Luis Sánchez to second
Batting: LHB Barrett Waters 0-0: Ball
1-0: Ground out 6-3 (Groundball, 6)
Top of the 3rd over - 0 run(s), 1 hit(s), 0 error(s), 2 left on base; Rio Grande 0 - Kingston 1
BOTTOM OF THE 3RD
Kingston Iguanas batting - Pitching for Rio Grande Rattlesnake : LHP Vicente Sánchez
Batting: RHB Jeff Garman 0-0: Ball
1-0: Ball
2-0: Swinging Strike
2-1: Foul Ball, location: 2F
2-2: Foul Ball, location: 2F
2-2: Strikes out swinging
Batting: LHB Bob Greene 0-0: Called Strike
0-1: Ball
1-1: Ball
2-1: SINGLE (Groundball, 56D)
Batting: SHB Pepe Piña 0-0: Ball
1-0: Ball
2-0: Called Strike
2-1: Foul Ball, location: 2F
2-2: Ball
3-2: Foul Ball, location: 2F
3-2: Foul Ball, location: 2F
3-2: Base on Balls
Bob Greene to second
Batting: RHB Luis Aguilar 0-0: Grounds into double play, 5-4-3 (Groundball, 56)
Bottom of the 3rd over - 0 run(s), 1 hit(s), 0 error(s), 1 left on base; Rio Grande 0 - Kingston 1
TOP OF THE 4TH
Rio Grande Rattlesnake batting - Pitching for Kingston Iguanas : RHP Leonardo Lorenzo
Batting: SHB Ralph Robison 0-0: Ball
1-0: Swinging Strike
1-1: Ball
2-1: Swinging Strike
2-2: Ball
3-2: Foul Ball, location: 2F
3-2: Base on Balls
Batting: RHB Billy Mullins 0-0: Foul Ball, location: 2F
0-1: Ball
1-1: Ball
2-1: Foul Ball, location: 2F
2-2: Foul Ball, location: 2F
2-2: Foul Ball, location: 2F
2-2: Foul Ball, location: 2F
2-2: Strikes out swinging
Batting: RHB Liangde Que 0-0: Ball
1-0: Ball
2-0: Ball
3-0: Called Strike
3-1: DOUBLE (Line Drive, 89S)
Ralph Robison to third
Batting: SHB Jeremy Holmes 0-0: Ball
1-0: Fly out, F3 (Popup, 3F)
Batting: LHB Luis Villa 0-0: Called Strike
0-1: Ball
1-1: Foul Ball, location: 2F
1-2: Foul Ball, location: 2F
1-2: Fly out, F5 (Line Drive, 56)
Top of the 4th over - 0 run(s), 1 hit(s), 0 error(s), 2 left on base; Rio Grande 0 - Kingston 1
BOTTOM OF THE 4TH
Kingston Iguanas batting - Pitching for Rio Grande Rattlesnake : LHP Vicente Sánchez
Batting: LHB José Torres 0-0: Called Strike
0-1: SINGLE (Groundball, 34D)
Batting: RHB Bill Crawley 0-0: Ball
1-0: SINGLE (Line Drive, 89M)
José Torres to second
Batting: LHB Dave Gordon 0-0: Ground out U3 (Groundball, 3S)
José Torres to third
Bill Crawley to second
Batting: RHB Geoffrey Joyner 0-0: Ground out 3-1 (Groundball, 34)
José Torres scores
Bill Crawley to third
Batting: LHB Juan Romero 0-0: SINGLE (Flyball, 78S)
Bill Crawley scores
Batting: RHB Jeff Garman 0-0: Ball
1-0: Ground out U3 (Groundball, 3S)
Bottom of the 4th over - 2 run(s), 3 hit(s), 0 error(s), 1 left on base; Rio Grande 0 - Kingston 3
TOP OF THE 5TH
Rio Grande Rattlesnake batting - Pitching for Kingston Iguanas : RHP Leonardo Lorenzo
Batting: RHB Luis Sánchez 0-0: Foul Ball, location: 2F
0-1: Foul Ball, location: 2F
0-2: Ball
1-2: Fly out, F3 (Popup, 3F)
Batting: LHB R.J. Courtney 0-0: Ball
1-0: Ball
2-0: Called Strike
2-1: SINGLE (Groundball, 4MD)
Batting: RHB Paul Martin 0-0: Ball
1-0: Swinging Strike
1-1: Foul Ball, location: 2F
1-2: Strikes out swinging
Batting: LHB Barrett Waters 0-0: Fielders Choice at 2nd, 5-4 (Groundball, 56)
Top of the 5th over - 0 run(s), 1 hit(s), 0 error(s), 0 left on base; Rio Grande 0 - Kingston 3
BOTTOM OF THE 5TH
Kingston Iguanas batting - Pitching for Rio Grande Rattlesnake : LHP Vicente Sánchez
Batting: LHB Bob Greene 0-0: Ball
1-0: Ball
2-0: Fly out, F8 (Flyball, 8LD)
Batting: SHB Pepe Piña 0-0: Called Strike
0-1: Called Strike
0-2: Ball
1-2: Ball
2-2: Strikes out swinging
Batting: RHB Luis Aguilar 0-0: Foul Ball, location: 2F
0-1: Ball
1-1: Called Strike
1-2: Strikes out looking
Bottom of the 5th over - 0 run(s), 0 hit(s), 0 error(s), 0 left on base; Rio Grande 0 - Kingston 3
TOP OF THE 6TH
Rio Grande Rattlesnake batting - Pitching for Kingston Iguanas : RHP Leonardo Lorenzo
Batting: SHB Ralph Robison 0-0: Ball
1-0: Foul Ball, location: 2F
1-1: Ball
2-1: Ball
3-1: Swinging Strike
3-2: Ground out 4-3 (Groundball, 4M)
Pitching: RHP Bartolo Hernández
Batting: RHB Billy Mullins 0-0: Swinging Strike
0-1: Foul Ball, location: 2F
0-2: Ball
1-2: Foul Ball, location: 2F
1-2: Ground out 6-3 (Groundball, 6)
Batting: RHB Liangde Que 0-0: Called Strike
0-1: Ball
1-1: Foul Ball, location: 2F
1-2: Ball
2-2: Strikes out swinging
Top of the 6th over - 0 run(s), 0 hit(s), 0 error(s), 0 left on base; Rio Grande 0 - Kingston 3
BOTTOM OF THE 6TH
Kingston Iguanas batting - Pitching for Rio Grande Rattlesnake : LHP Vicente Sánchez
Batting: LHB José Torres 0-0: Ball
1-0: Ball
2-0: Ball
3-0: Called Strike
3-1: Base on Balls
Batting: RHB Bill Crawley 0-0: Called Strike
0-1: Swinging Strike
0-2: Ball
1-2: Foul Ball, location: 2F
1-2: Ball
2-2: Ball
3-2: Strikes out swinging
Batting: LHB Dave Gordon 0-0: Ball
1-0: Foul Ball, location: 2F
1-1: Ball
2-1: SINGLE (Groundball, 3D)
José Torres to second
Runner from 2nd tries for 3rd, SAFE, no throw or cutoff
Batting: RHB Geoffrey Joyner 0-0: Ball
1-0: Ball
2-0: Ball
3-0: Called Strike
3-1: SINGLE (Line Drive, 7S)
José Torres scores
Dave Gordon to second
Pitching: RHP Connor Reed
Batting: LHB Juan Romero 0-0: Ball
1-0: Ball
2-0: Ball
3-0: Called Strike
3-1: Foul Ball, location: 2F
3-2: Fielders Choice at 2nd, 2-4 (Groundball, 2L)
Dave Gordon to third
Batting: RHB Jeff Garman 0-0: Called Strike
0-1: Reached on Error, E9 (Flyball, 9S)
Dave Gordon scores
Juan Romero to third
Batting: LHB Bob Greene 0-0: Ball
1-0: Called Strike
1-1: Called Strike
1-2: Foul Ball, location: 2F
1-2: Strikes out looking
Bottom of the 6th over - 2 run(s), 2 hit(s), 1 error(s), 2 left on base; Rio Grande 0 - Kingston 5
TOP OF THE 7TH
Rio Grande Rattlesnake batting - Pitching for Kingston Iguanas : RHP Bartolo Hernández
Batting: SHB Jeremy Holmes 0-0: Called Strike
0-1: Ball
1-1: Ball
2-1: Called Strike
2-2: Ball
3-2: Base on Balls
Batting: LHB Luis Villa 0-0: Ball
1-0: Swinging Strike
1-1: Fly out, F7 (Flyball, 7S)
Batting: RHB Luis Sánchez 0-0: Ball
1-0: Ball
2-0: Ball
3-0: Base on Balls
Jeremy Holmes to second
Batting: LHB R.J. Courtney 0-0: Ball
1-0: Foul Ball, location: 2F
1-1: Swinging Strike
1-2: Strikes out swinging
Pitching: RHP José Pérez
Batting: RHB Paul Martin 0-0: Ball
1-0: Ball
2-0: Ball
3-0: Called Strike
3-1: Foul Ball, location: 2F
3-2: Foul Ball, location: 2F
3-2: Fly out, F6 (Popup, 56D)
Top of the 7th over - 0 run(s), 0 hit(s), 0 error(s), 2 left on base; Rio Grande 0 - Kingston 5
BOTTOM OF THE 7TH
Kingston Iguanas batting - Pitching for Rio Grande Rattlesnake : RHP Connor Reed
Batting: SHB Pepe Piña 0-0: Ball
1-0: Called Strike
1-1: Called Strike
1-2: Strikes out swinging
Batting: RHB Luis Aguilar 0-0: Swinging Strike
0-1: Ball
1-1: Called Strike
1-2: Strikes out swinging
Batting: LHB José Torres 0-0: Ball
1-0: Called Strike
1-1: Ball
2-1: Foul Ball, location: 2F
2-2: Ball
3-2: Base on Balls
Batting: RHB Bill Crawley 0-0: Ball
1-0: Called Strike
1-1: Called Strike
José Torres steals 2nd base
1-2: Ball
2-2: Strikes out looking
Bottom of the 7th over - 0 run(s), 0 hit(s), 0 error(s), 1 left on base; Rio Grande 0 - Kingston 5
TOP OF THE 8TH
Rio Grande Rattlesnake batting - Pitching for Kingston Iguanas : RHP José Pérez
Batting: LHB Barrett Waters 0-0: Called Strike
0-1: Called Strike
0-2: Fly out, F1 (Line Drive, 15)
Batting: SHB Ralph Robison 0-0: Ball
1-0: Foul Ball, location: 2F
1-1: Foul Ball, location: 2F
1-2: Ball
2-2: Strikes out swinging
Batting: RHB Billy Mullins 0-0: Ball
1-0: Ball
2-0: Ball
3-0: Called Strike
3-1: Base on Balls
Batting: RHB Liangde Que 0-0: Ball
1-0: Called Strike
1-1: Ground out 3-1 (Groundball, 34)
Top of the 8th over - 0 run(s), 0 hit(s), 0 error(s), 1 left on base; Rio Grande 0 - Kingston 5
BOTTOM OF THE 8TH
Kingston Iguanas batting - Pitching for Rio Grande Rattlesnake : RHP Connor Reed
Batting: LHB Dave Gordon 0-0: Called Strike
0-1: Ball
1-1: Swinging Strike
1-2: Foul Ball, location: 2F
1-2: Ball
2-2: Fly out, F1 (Popup, 23)
Pitching: RHP Albert Gonzáles
Batting: RHB Geoffrey Joyner 0-0: Foul Ball, location: 2F
0-1: Ball
1-1: Foul Ball, location: 2F
1-2: Ball
2-2: Foul Ball, location: 2F
2-2: Ball
3-2: Strikes out swinging
Batting: LHB Juan Romero 0-0: Ball
1-0: Ball
2-0: Ball
3-0: Base on Balls
Batting: RHB Jeff Garman 0-0: Ball
1-0: Called Strike
1-1: Ball
2-1: Ground out 5-3 (Groundball, 5)
Bottom of the 8th over - 0 run(s), 0 hit(s), 0 error(s), 1 left on base; Rio Grande 0 - Kingston 5
TOP OF THE 9TH
Rio Grande Rattlesnake batting - Pitching for Kingston Iguanas : RHP José Pérez
Pitching: RHP José Peña
Now in LF: Billy Anderson
Now in RF: Steve Davis
Batting: SHB Jeremy Holmes 0-0: Fly out, F7 (Flyball, 7M)
Batting: LHB Luis Villa 0-0: Ball
1-0: Swinging Strike
1-1: SOLO HOME RUN (Line Drive, 89XD), Distance : 411 ft
Batting: RHB Luis Sánchez 0-0: Called Strike
0-1: Called Strike
0-2: Ball
1-2: Ball
2-2: Ball
3-2: Base on Balls
Batting: LHB R.J. Courtney 0-0: Ball
1-0: Called Strike
1-1: Ball
2-1: SINGLE (Groundball, 4M)
Luis Sánchez to second
Batting: RHB Paul Martin 0-0: Called Strike
0-1: Foul Ball, location: 2F
0-2: Strikes out swinging
Batting: LHB Barrett Waters 0-0: Ball
1-0: Called Strike
1-1: Called Strike
1-2: Foul Ball, location: 2F
1-2: Foul Ball, location: 2F
1-2: Strikes out swinging
Top of the 9th over - 1 run(s), 2 hit(s), 0 error(s), 2 left on base; Rio Grande 1 - Kingston 5
This league is powered by Out of the Park Baseball, the baseball management simulation game for PC, Mac and Linux
Tuesday, August 2nd, 2016 - OOTP Baseball 16.8 Build 38